 Dungeon Crawl Stone Soup version 0.30-a0-1008-g30c9307041 (webtiles) character file.

Game seed: 969492627697221811

78 puppykicker the Charlatan (level 4, -1/33 HPs)
             Began as a Demonspawn Artificer on Apr 6, 2023.
             Killed by divine providence
             ... invoked by an orc priest
              (12 damage)
             ... on level 3 of the Dungeon.
             The game lasted 00:07:54 (1809 turns).

puppykicker the Charlatan (Demonspawn Artificer)    Turns: 1809, Time: 00:07:55

Health: -1/33      AC:  4    Str: 15    XL:     4   Next: 15%
Magic:  4/4        EV: 26    Int: 12    God:
Gold:   97         SH:  0    Dex: 13    Spells: 3/3 levels left

rFire   . . .      SeeInvis .    b - +4 spear
rCold   . . .      Faith    .    (no shield)
rNeg    . . .      Spirit   .    q - +1 leather armour
rPois   .          Reflect  .    (no helmet)
rElec   .          Rampage  .    (no cloak)
rCorr   .                        (no gloves)
Will    .....                    (no boots)
Stlth   +                        l - amulet of the acrobat
HPRegen 0.25/turn                (no ring)
MPRegen 0.18/turn                (no ring)

@: acrobatic
A: magic regeneration, weakness stinger 1
a: no special abilities


You were on level 3 of the Dungeon.
You visited 1 branch of the dungeon, and saw 3 of its levels.

You collected 97 gold pieces.

Inventory:

Hand Weapons
 a - a +0 war axe
 b - a +4 spear (weapon)
Missiles
 f - 6 poisoned darts (quivered)
Armour
 q - a +1 leather armour (worn)
Jewellery
 l - an amulet of the acrobat (around neck)
Wands
 c - a wand of flame (7)
 d - a wand of charming (11)
 e - a wand of iceblast (5)
Scrolls
 g - 2 scrolls of teleportation {unknown}
 h - a scroll of immolation {unknown}
 j - 2 scrolls of enchant armour
 n - a scroll of fear {unknown}
 p - a scroll of magic mapping {unknown}
 r - a scroll of acquirement {unknown}
Potions
 i - a potion of curing {unknown}
 k - 2 potions of mutation {!q}
 m - 2 potions of brilliance
 o - a potion of might {unknown}


   Skills:
 + Level 2.0 Fighting
 * Level 0.5 Axes
 + Level 2.4 Armour
 + Level 1.8 Dodging
 - Level 0.8 Stealth
 + Level 3.5 Evocations


You had 3 spell levels left.
You didn't know any spells.
Your spell library contained the following spells:

 Spells                   Type           Power      Damage    Failure   Level
 Sting                    Tmut/Pois      0%         1d3       38%         1
 Poisonous Vapours        Pois/Air       0%         N/A       52%         2
 Ignite Poison            Fire/Tmut/Pois 0%         N/A       77%         3
 Olgreb's Toxic Radiance  Pois           0%         N/A       99%         4
 Sticky Flame             Conj/Fire      0%         2d3       99%         4
 Ignition                 Fire           0%         3d3       100%        8


Dungeon Overview and Level Annotations

Branches:
Dungeon (3/15)

Altars:


Innate Abilities, Weirdness & Mutations

You regenerate magic rapidly.
You have a small tail.


Message History

The goblin shouts!
You reach to attack!
You hit the goblin. You hit the goblin.
You kill the goblin!
No target in view!
Things that are here:
a +0 hand axe; an orc corpse 3 orcs come into view.
The orc shouts! x3; You hear a shout!
You hit the orc. The orc closely misses you.
You hit the orc.
You kill the orc!
The orc attacks as you move away! The orc hits you but does no damage.
The orc attacks as you move away! The orc misses you.
You hit the orc. The orc misses you.
You puncture the orc!
You kill the orc!
You hit the orc but do no damage. The orc barely misses you.
You closely miss the orc. The orc hits you but does no damage.
You puncture the orc!
You kill the orc!
No target in view!
No target in view!
An orc priest comes into view. It is wielding a +0 dagger.
The orc priest shouts!
The orc priest invokes the aid of Beogh against you.
Beogh smites you!
Items here: )) [ †.
You take 14 damage, and have 19/33 hp.
MASSIVE DAMAGE!!
The orc priest mumbles some strange prayers to Beogh against you.
Beogh smites you!
* * * LOW HITPOINT WARNING * * *
You take 12 damage, and have 8/33 hp.
MASSIVE DAMAGE!!
Unknown command.
Unknown command.
The orc priest calls down the wrath of Beogh upon you.
Beogh smites you!
You die...

#...........######.#
#....)......### #.#
.............o.# #.#
.............#.#
#.###
....#####.####.#
#...# ##########.#
#.# ####.#
#..).o.....# #.#
#....# #)##########
#.# #.#### o..
#@###.# .#. #.....#
##. #####.# .. #.#
## ###


You could see an orc priest.

Levels and vault maps discovered:
D:1:      ldierk_walled_garden_2, layout_basic
D:2:      layout_basic, minmay_box_of_dots
D:3:      minmay_razor_zed, layout_basic, shapermc_ecumenical_altar_mp_vishouse,
          uniq_jessica

Notes
Turn   | Place    | Note
-------+----------+-------------------------------------------
     0 | D:1      | puppykicker the Demonspawn Artificer began the quest for
                  | the Orb.
     0 | D:1      | Reached XP level 1. HP: 15/15 MP: 1/1
    38 | D:1      | HP: 1/15 [quokka (4)]
   210 | D:1      | Reached skill level 1 in Dodging
   235 | D:1      | Identified a +0 dagger
   279 | D:1      | Identified a +0 whip
   294 | D:1      | Identified an amulet of the acrobat
   368 | D:1      | Reached skill level 2 in Armour
   406 | D:1      | Identified a +0 dagger
   414 | D:1      | Gained mutation: You have a small tail. [demonic ancestry]
   414 | D:1      | Reached XP level 2. HP: 21/21 MP: 2/2
   650 | D:1      | Identified a +0 robe
   783 | D:1      | Identified a +0 hand axe
   832 | D:1      | Identified a +0 leather armour
   942 | D:2      | Identified a +0 club
  1055 | D:2      | HP: 5/21 [hobgoblin (2)]
  1056 | D:2      | HP: 1/21 [hobgoblin (4)]
  1059 | D:2      | Gained mutation: You regenerate magic rapidly. [demonic
                  | ancestry]
  1059 | D:2      | Reached XP level 3. HP: 2/26 MP: 3/3
  1159 | D:2      | Identified a +0 dagger
  1204 | D:2      | Identified 3 scrolls of enchant armour
  1205 | D:2      | Identified 2 scrolls of identify
  1205 | D:2      | Identified 2 potions of mutation
  1206 | D:2      | Identified 2 potions of brilliance
  1305 | D:2      | Identified a +0 dagger
  1377 | D:2      | Identified a +0 leather armour
  1420 | D:2      | Identified a +0 war axe
  1474 | D:2      | Reached skill level 2 in Fighting
  1494 | D:2      | Identified a +0 short sword
  1510 | D:2      | Identified a +4 spear
  1534 | D:2      | Reached XP level 4. HP: 33/33 MP: 4/4
  1610 | D:2      | Identified a +0 spear
  1713 | D:3      | Identified a +0 hand axe
  1727 | D:3      | Identified a +0 club
  1781 | D:3      | Identified a +0 short sword
  1781 | D:3      | Identified a +0 scale mail
  1781 | D:3      | Identified a +0 whip
  1781 | D:3      | Identified a +0 club
  1781 | D:3      | Identified a +0 leather armour
  1791 | D:3      | Identified a +0 dagger
  1791 | D:3      | Identified a +0 ring mail
  1797 | D:3      | HP: 8/33 [orc priest/divine providence (12)]
  1809 | D:3      | Killed from afar by an orc priest

Table legend: (Time is in decaauts)
 A = Elapsed time spent in this place.
 B = Non-inter-level travel time spent in this place.
 C = Inter-level travel time spent in this place.
 D = Time resting spent in this place.
 E = Time spent auto-exploring this place.
 F = Levels seen in this place.
 G = Mean time per level.
                   A        B        C        D        E       F      G
               +--------+--------+--------+--------+--------+-----+--------+
         Total |   1842 |   1691 |    151 |    275 |    969 |   3 |  614.0 |
       Dungeon |   1842 |   1691 |    151 |    275 |    969 |   3 |  614.0 |
               +--------+--------+--------+--------+--------+-----+--------+

Top non-repeatable levels by time:
     D:1: 948 daAuts
     D:2: 794 daAuts
     D:3: 99 daAuts

Table legend:
 A = Kills in this place as a percentage of kills in the entire game.
 B = Kills by you in this place as a percentage of kills by you in the entire game.
 C = Kills by friends in this place as a percentage of kills by friends in the entire game.
 D = Other kills in this place as a percentage of other kills in the entire game.
 E = Experience gained in this place as a percentage of experience gained in the entire game.
 F = Experience gained in this place divided by the number of levels of this place that you have seen.
                   A       B       C       D       E      F
               +-------+-------+-------+-------+-------+----------------------
         Total | 100.0 | 100.0 | 100.0 |   N/A | 100.0 |  37.3
       Dungeon | 100.0 | 100.0 | 100.0 |   N/A | 100.0 |  37.3
               +-------+-------+-------+-------+-------+----------------------

Skill      XL: |  1  2  3 |
---------------+----------+-----
Dodging        | 1 |  1.8
Armour         | 2 |  2.4
Fighting       | 2 |  2.0
Axes           | |  0.5
Stealth        | |  0.8
Evocations     | |  3.5

Action                     |  1- 3 |  4- 6 || total
---------------------------+-------+-------++-------
  Melee: Club              |    32 |       ||    32
         Hand axe          |    55 |       ||    55
         Tailslap          |     6 |       ||     6
         War axe           |    16 |       ||    16
         Spear             |     1 |    14 ||    15
  Throw: Dart              |     8 |       ||     8
  Evoke: Wand              |    12 |       ||    12
    Use: Scroll            |     3 |       ||     3
   Stab: Sleeping          |     4 |       ||     4
 Armour: Leather armour    |    44 |     3 ||    47
  Dodge: Dodged            |    68 |     8 ||    76

Vanquished Creatures
  2 adders (D:2)
  A worm (D:2)
  A dart slug (D:1)
  4 orcs (D:3)
  6 endoplasms
  A giant cockroach (D:2)
  3 goblins
  4 hobgoblins
  4 kobolds
  A quokka (D:2)
  4 ball pythons
  3 bats
  4 frilled lizards
  2 rats
40 creatures vanquished.

Vanquished Creatures (collateral kills)
  An adder (D:2)
1 creature vanquished.

Vanquished Creatures (others)
  An adder (D:2)
  A quokka (D:1)
  4 toadstools (D:1)
6 creatures vanquished.

Grand Total: 47 creatures vanquished
